 Dungeon Crawl Stone Soup version 0.30.1-3-gfc49f6343a (webtiles) character file.

Game seed: 8118774188030577975

236 sampeng1 the Trooper (level 6, -2/56 HPs)
             Began as a Hill Orc Fighter on July 29, 2023.
             Slain by a gnoll
             ... wielding a +3 halberd of flaming
              (8 damage)
             ... on level 3 of the Dungeon.
             The game lasted 00:05:02 (2240 turns).

sampeng1 the Trooper (Hill Orc Fighter)             Turns: 2240, Time: 00:05:03

Health: -2/56      AC:  7    Str: 21    XL:     6   Next: 6%
Magic:  6/6        EV:  9    Int:  8    God:
Gold:   84         SH:  5    Dex: 10    Spells: 5/5 levels left

rFire   . . .        a - +0 war axe
rCold   . . .        c - +1 buckler
rNeg    + . .        b - +0 scale mail
rPois   .            (no helmet)
rElec   .            (no cloak)
rCorr   .            (no gloves)
SInv    .            (no boots)
Will    .....        k - amulet of magic regeneration Stlth
                     h - ring of positive energy
HPRegen 0.29/turn    (no ring)
MPRegen 0.50/turn

%: no passive effects
@: mighty
A: no striking features
a: no special abilities


You were on level 3 of the Dungeon.
You visited 1 branch of the dungeon, and saw 3 of its levels.

You collected 84 gold pieces.

Inventory:

Hand Weapons
 a - a +0 war axe (weapon)
Missiles
 j - a throwing net
 l - 5 poisoned darts (quivered)
Armour
 b - a +0 scale mail (worn)
 c - a +1 buckler (worn)
Jewellery
 h - a ring of positive energy (left hand)
 k - an amulet of magic regeneration (around neck)
Potions
 d - a potion of might
 e - a potion of resistance
 f - a potion of haste
 g - 2 potions of curing {unknown}
 i - a potion of lignification


   Skills:
 + Level 5.0 Fighting
 + Level 4.7 Axes
 + Level 4.5 Armour
 + Level 4.6 Shields


You had 5 spell levels left.
You didn't know any spells.
Your spell library contained the following spells:

 Spells                   Type           Power      Damage    Failure   Level
 Frozen Ramparts          Ice            0%         1d1       99%         3
 Ice Form                 Ice/Tmut       0%         N/A       100%        4
 Summon Ice Beast         Ice/Summ       0%         N/A       100%        4


Dungeon Overview and Level Annotations

Branches:
Dungeon (3/15)

Altars:
Ru


Message History

The gnoll is almost dead.
The gnoll hits you with a +0 whip. You block the gnoll's attack.
The gnoll hits you with a +0 whip.
A gnoll comes into view. It is wielding a +0 club.
You closely miss the gnoll.
The gnoll is almost dead.
You block the gnoll's attack. The gnoll hits you with a +0 whip.
You slash the gnoll!
You kill the gnoll!
The gnoll hits you from afar with a +3 halberd of flaming!
The gnoll burns you.
Your Fighting skill increases to level 5!
You have reached level 6!
Items here: ( )) †.
You closely miss the gnoll. You slash the gnoll! The gnoll closely misses you.
The gnoll hits you with a +0 club.
The gnoll hits you with a +3 halberd of flaming!
* * * LOW HITPOINT WARNING * * *
The gnoll burns you.
* * * LOW HITPOINT WARNING * * *
The gnoll barely misses you.
You feel very mighty all of a sudden.
The gnoll hits you with a +3 halberd of flaming!
* * * LOW HITPOINT WARNING * * *
The gnoll burns you.
* * * LOW HITPOINT WARNING * * *
The gnoll closely misses you.
You barely miss the gnoll. You hit the gnoll.
You kill the gnoll!
The gnoll closely misses you.
You slash the gnoll!
The gnoll is severely wounded.
The gnoll misses you.
You barely miss the gnoll.
The gnoll is severely wounded.
You block the gnoll's attack.
You hit the gnoll.
The gnoll is almost dead.
The gnoll hits you with a +3 halberd of flaming!
You die...

##..............
#.####...###.#
... #.†.### ..
#.....# #.#.#.#
#.#.#.# #.#...#
#.#.### #.#@#
......)g....#
#####.#.#####
...#.. ##. ###
#. #


You could see a gnoll.

Vanquished Creatures
  A scorpion (D:2)
  2 orc wizards (D:3)
  Robin (D:2)
  2 gnolls (D:3)
  4 adders
  A worm (D:2)
  2 orcs (D:3)
  9 endoplasms
  5 giant cockroaches
  8 goblins
  5 hobgoblins
  3 kobolds
  3 quokkas
  6 ball pythons (D:1)
  4 bats
  2 frilled lizards
  4 rats
62 creatures vanquished.

Notes
Turn   | Place    | Note
-------+----------+-------------------------------------------
     0 | D:1      | sampeng1 the Hill Orc Fighter began the quest for the Orb.
     0 | D:1      | Reached XP level 1. HP: 19/19 MP: 1/1
    72 | D:1      | Reached XP level 2. HP: 27/27 MP: 2/2
   330 | D:1      | Reached skill level 4 in Fighting
   444 | D:1      | Reached XP level 3. HP: 33/33 MP: 3/3
  1036 | D:2      | Noticed a scorpion
  1039 | D:2      | Killed a scorpion
  1040 | D:2      | Reached XP level 4. HP: 38/41 MP: 4/4
  1210 | D:2      | Found a sacrificial altar of Ru.
  1233 | D:2      | Noticed Robin
  1243 | D:2      | Killed Robin
  1244 | D:2      | Reached XP level 5. HP: 42/47 MP: 5/5
  2234 | D:3      | Reached skill level 5 in Fighting
  2234 | D:3      | Reached XP level 6. HP: 28/56 MP: 6/6
  2240 | D:3      | Slain by a gnoll

Illustrated notes

Levels and vault maps discovered:
D:1:      dpeg_arrival_simpleton_b, layout_basic, nicolae_eternal_life,
          minmay_misc_feat_rugged
D:2:      layout_basic, basic_altar, uniq_robin
D:3:      layout_basic, uniq_terence, uniq_crazy_yiuf_cottage

Skill      XL: |  1  2  3  4  5 |
---------------+----------------+-----
Axes           | 3 4 |  4.7
Fighting       | 4 5 |  5.0
Armour         | 4 |  4.5
Shields        | 4 |  4.6

Action                     |  1- 3 |  4- 6 || total
---------------------------+-------+-------++-------
  Melee: War axe           |    62 |    84 ||   146
    Use: Potion            |       |     4 ||     4
         Scroll            |       |     3 ||     3
 Armour: Scale mail        |    29 |    45 ||    74
  Dodge: Dodged            |    43 |    39 ||    82
  Block: Buckler           |    16 |    29 ||    45
